 Dungeon Crawl Stone Soup version 0.24-a0-459-g225fefd530 (webtiles) character file.

Game seed: 1760124018809319710

252 ohad the Magician (level 5, -6/39 HPs)
             Began as a Mummy Wizard on June 29, 2019.
             Mangled by a gnoll
             ... wielding a +0 whip of electrocution
              (17 damage)
             ... on level 3 of the Dungeon.
             The game lasted 00:13:20 (3922 turns).

ohad the Magician (Mummy Wizard)                    Turns: 3922, Time: 00:13:20

Health: -6/39      AC:  2    Str: 11    XL:     5   Next: 89%
Magic:  11/20      EV: 15    Int: 18    God:
Gold:   178        SH:  0    Dex: 10    Spells: 1/13 levels left

rFire    x . .     SeeInvis .   q - +0 rapier
rCold    + . .     Gourm    .   (no shield)
rNeg     + + +     Faith    .   a - +0 robe
rPois    ∞         Spirit   .   b - +0 hat
rElec    .         Reflect  .   (no cloak)
rCorr    .         Harm     .   (no gloves)
MR       .....                  (no boots)
Stlth    ++........             f - amulet of the acrobat
HPRegen  0.13/turn              c - ring of magical power
MPRegen  0.17/turn              i - +3 ring of evasion

@: very slightly contaminated
A: no food or potions, fire vulnerability, cold resistance 1, negative energy
resistance 3, torment resistance, unbreathing
a: no special abilities


You were on level 3 of the Dungeon.
You were not hungry.

You visited 1 branch of the dungeon, and saw 4 of its levels.

You collected 178 gold pieces.

Inventory:

Hand Weapons
 g - a +0 dagger
 m - a -2 mace
 q - a +0 rapier (weapon)
Missiles
 n - 5 boomerangs (quivered)
 s - 2 javelins
Armour
 a - a +0 robe (worn)
 b - a +0 hat (worn)
 p - a +0 scale mail
 u - a +0 leather armour
Jewellery
 c - a ring of magical power (left hand)
 f - an amulet of the acrobat (around neck)
 i - a +3 ring of evasion (right hand)
 o - a +4 ring of strength
Scrolls
 d - 2 scrolls of identify
 e - a scroll of enchant armour
 h - 3 scrolls of fog
 k - a scroll of enchant weapon
 l - a scroll of remove curse
 r - a scroll of amnesia {unknown}
 t - 2 scrolls of magic mapping


   Skills:
 + Level 2.4 Fighting
 - Level 1.5 Dodging
 - Level 1.5 Stealth
 - Level 4.6 Spellcasting
 - Level 4.0 Conjurations
 - Level 0.7 Summonings
 - Level 0.7 Translocations


You had one spell level left.
You knew the following spells:

 Your Spells              Type           Power        Failure   Level  Hunger
a - Magic Dart            Conj           ###.         2%          1    N/A
b - Blink                 Tloc           N/A          16%         2    N/A
c - Call Imp              Summ           #.......     16%         2    N/A
d - Slow                  Hex            #.......     22%         2    N/A
e - Conjure Flame         Conj/Fire      ##......     19%         3    N/A
f - Sticks to Snakes      Tmut           #.......     21%         2    N/A

Your spell library contained the following spells:

 Spells                   Type           Power        Failure   Level  Hunger
 Mephitic Cloud           Conj/Pois/Air  #.......     24%         3    N/A
 Beastly Appendage        Tmut           Unusable     N/A         1    N/A
 Spider Form              Tmut/Pois      Unusable     N/A         3    N/A
 Ice Form                 Ice/Tmut       Unusable     N/A         4    N/A
 Blade Hands              Tmut           Unusable     N/A         5    N/A

Dungeon Overview and Level Annotations

Branches:
Dungeon (4/15)
 Temple: D:4-7

Altars:

Shops:
D:4 (

Annotations:
D:4 Dowan, Duvessa


Innate Abilities, Weirdness & Mutations

You do not eat or drink.
Your flesh is vulnerable to fire.
You are immune to poison.
Your flesh is cold resistant. (rC+)
You are immune to negative energy. (rN+++)
You are immune to unholy pain and torment.
You can survive without breathing.


Message History

You climb upwards.
There is a stone staircase leading down here.
Unknown command.
Unknown command.
Unknown command.
Unknown command.
The iguana completely misses you.
Casting: Magic Dart (safe; 2% risk of failure)
Confirm with . or Enter, or press ? or * to list all spells.
You miscast Call Imp.
Nothing appears to happen.
The gnoll hits you with a +0 whip of electrocution.
You are electrocuted!!
* * * LOW HITPOINT WARNING * * *
Unknown command.
Casting: Call Imp (safe; 16% risk of failure)
Confirm with . or Enter, or press ? or * to list all spells.
You miscast Call Imp.
The world appears momentarily distorted.
The gnoll hits you but does no damage.
You are electrocuted!
You die...

...# #.##.# ...#
#..#.# ..%# ##.#.#
...# #...# ...#
##.)# #### #..#
#..# ###
#..#######<###
##>lg@.#.....#
#####.#.#.#.#
#.#.#...# ######
#.#.#####
#....######.#.....#
#.##.#......#####.#
#.##.#.##########.#
#.##..............#
#.##....###########


You could see an iguana and a gnoll.

Vanquished Creatures
  An orc wizard (D:4)
  A hound skeleton (D:4)
  3 gnolls
  4 adders
  2 worms
  A dart slug (D:3)
  A leopard gecko (D:3)
  12 orcs
  2 goblins
  5 hobgoblins
  5 jackals
  2 quokkas
  2 ball pythons
  4 bats
  3 frilled lizards
  6 kobolds
  5 rats
59 creatures vanquished.

Vanquished Creatures (collateral kills)
  A gnoll shaman (D:4)
  A bullfrog skeleton (D:4)
  2 worker ants (D:4)
  A gnoll (D:3)
5 creatures vanquished.

Grand Total: 64 creatures vanquished

Notes
Turn   | Place    | Note
-------+----------+-------------------------------------------
     0 | D:1      | ohad the Mummy Wizard began the quest for the Orb.
     0 | D:1      | Reached XP level 1. HP: 13/13 MP: 5/5
    90 | D:1      | Reached skill level 1 in Conjurations
   420 | D:1      | Reached XP level 2. HP: 19/19 MP: 7/7
   803 | D:2      | Found a faded altar of an unknown god.
   917 | D:1      | Learned a level 2 spell: Blink
   920 | D:1      | Learned a level 2 spell: Call Imp
   923 | D:1      | Learned a level 2 spell: Slow
   957 | D:2      | Reached XP level 3. HP: 9/24 MP: 8/8
   962 | D:2      | Learned a level 3 spell: Conjure Flame
  1809 | D:3      | Reached XP level 4. HP: 30/30 MP: 4/10
  2801 | D:4      | Found Anah's Antique Weapon Boutique.
  2813 | D:4      | Reached XP level 5. HP: 25/36 MP: 11/11
  2949 | D:4      | Reached skill level 1 in Fighting
  2963 | D:4      | Learned a level 2 spell: Sticks to Snakes
  3266 | D:4      | Noticed Dowan
  3268 | D:4      | Noticed Duvessa
  3922 | D:3      | Mangled by a gnoll

Levels and vault maps discovered:
D:1:      lemuel_arrival_cross, layout_loops_ring
D:2:      layout_basic, chequers_ecumenical_altar_simple_redux
D:3:      layout_basic, first_ration
D:4:      layout_cave_pools, serial_shops,
          nicolae_shop_temple_entry_statues_fountains, uniq_duvessa

Skill      XL: |  1  2  3  4  5 |
---------------+----------------+-----
Conjurations   | 1 2 3 4 |  4.0
Fighting       | 2 |  2.4
Dodging        | |  1.5
Stealth        | |  1.5
Spellcasting   | |  4.6
Summonings     | |  0.7
Translocations | |  0.7

Action                   |  1- 3 |  4- 6 || total
-------------------------+-------+-------++-------
Melee: Unarmed           |     8 |       ||     8
       Dagger            |    20 |     5 ||    25
       Rapier            |       |    33 ||    33
 Cast: Magic Dart        |   100 |    83 ||   183
       Call Imp          |     1 |    12 ||    13
       Conjure Flame     |     3 |       ||     3
  Use: Scroll            |       |     9 ||     9
Armor: Robe              |       |     4 ||     4
Dodge: Dodged            |    36 |    70 ||   106

Table legend:
 A = Non-vault XP
 B = Vault XP
 C = Vault XP percentage of total XP
 D = Non-vault monster count
 E = Vault monster count
 F = Vault count percentage of total count
                 A         B        C        D         E       F
            +---------+---------+-------+---------+---------+-------
      Total |     360 |       0 |   0.0 |      64 |       0 |   0.0
            +---------+---------+-------+---------+---------+-------
        D:1 |      18 |       0 |   0.0 |      13 |       0 |   0.0
        D:2 |      51 |       0 |   0.0 |       8 |       0 |   0.0
        D:3 |      60 |       0 |   0.0 |      23 |       0 |   0.0
        D:4 |     231 |       0 |   0.0 |      20 |       0 |   0.0
            +---------+---------+-------+---------+---------+-------
